 Dungeon Crawl Stone Soup version 0.15.2 (webtiles) character file.

107 Huymann the Magician (level 4, -2/27 HPs)
             Began as a High Elf Wizard on Feb 27, 2015.
             Slain by an orc
             ... wielding a +0 morningstar
              (9 damage)
             ... on Level 3 of the Dungeon.
             The game lasted 00:18:16 (3057 turns).

Huymann the Magician (High Elf Wizard)              Turns: 3057, Time: 00:18:16

HP  -2/27        AC  3     Str  7      XL: 4   Next: 57%
MP   2/15        EV 14     Int 22      God:
Gold 65          SH  0     Dex 18      Spells:  5 memorised,  1 level left

rFire  . . .     SeeInvis .     h - +0 dagger (venom)
rCold  . . .     Clarity  .     a - +0 robe
rNeg   . . .     rCorr    .     (no shield)
rPois  .         rRot     .     n - +0 hat
rElec  .         Spirit   .     (no cloak)
SustAb .         Warding  .     (no gloves)
rMut   .         Stasis   .     j - +0 pair of boots
Gourm  .                        (no amulet)
MR     .....                    (no ring)
                                i - +5 ring of dexterity

@: very slightly contaminated, not resistant to hostile enchantments, unstealthy
A: no striking features
a: no special abilities


You were on level 3 of the Dungeon.
You were not hungry.

You visited 1 branch of the dungeon, and saw 3 of its levels.

You collected 65 gold pieces.

Inventory:

Hand weapons
 h - a +0 dagger of venom (weapon)
 s - a +1 dagger of speed
Missiles
 f - 14 arrows
 p - 10 poisoned needles
Armour
 a - a +0 robe (worn)
 b - a +0 hat
 j - a +0 pair of boots (worn)
 n - a +0 hat (worn)
 u - a +0 robe
Magical devices
 k - a wand of teleportation (3) {unknown}
Comestibles
 d - 5 bread rations
 l - a meat ration
 v - a chunk of bat flesh
Scrolls
 e - a scroll of amnesia
 q - 2 scrolls of random uselessness {unknown}
 r - a scroll of immolation {unknown}
Jewellery
 i - a +5 ring of dexterity (left hand)
 o - an uncursed ring of protection from fire {unknown}
Potions
 g - 4 potions of curing
 m - 3 potions of heal wounds {unknown}
Books
 c - a book of Minor Magic

   Spells                             Type                      Level
   *Magic Dart                        Conjuration                  1
   *Blink                             Translocation                2
   *Call Imp                          Summoning                    2
   Repel Missiles                     Charms/Air                   2
   Slow                               Hexes                        2
   *Conjure Flame                     Conjuration/Fire             3
   *Mephitic Cloud                    Conjuration/Poison/Air       3


   Skills:
 + Level 3.0 Dodging
 * Level 2.9 Stealth
 + Level 4.7 Spellcasting
 * Level 2.4 Conjurations
 + Level 0.8 Summonings
 + Level 1.1 Translocations
 + Level 0.2 Air Magic
 + Level 0.2 Poison Magic


You had one spell level left.
You knew the following spells:

 Your Spells              Type           Power        Failure   Level  Hunger
a - Magic Dart            Conj           ###.         4%          1    None
b - Blink                 Tloc           N/A          12%         2    None
c - Call Imp              Summ           #.......     12%         2    None
d - Mephitic Cloud        Conj/Pois/Air  #.......     21%         3    ##.....
e - Conjure Flame         Conj/Fire      ##......     21%         3    ##.....


Dungeon Overview and Level Annotations

Branches:
Dungeon (3/15)

Altars:
Yredelemnul


Message History

Found 9 gold pieces.
Found a stone staircase leading down.
Found two stone staircases leading down.
The bat hits you but does no damage. The bat hits you.
You see here 9 gold pieces.
The bat barely misses you. The bat misses you. The orc closely misses you.
The bat closely misses you. The bat barely misses you. The orc hits you.
* * * LOW HITPOINT WARNING * * *
Casting: Blink
Confirm with . or Enter, or press ? or * to list all spells.
Aiming: Mephitic Cloud
Press: ? - help, Shift-Dir - straight line, f - orc, p - orc
Aim: an orc, wielding a morningstar and wearing a scale mail You miscast Mephitic Cloud.
You are very lightly contaminated with residual magic.
Your skin tingles.
The bat closely misses you. The orc closely misses you.
The orc hits you with a morningstar!
You die...

######.............
##...##.............
##..>..#...........%.
#...................#
#...$................
#...............).###
##.boo............ ..
##.o.o...........#...
#...@............ .##
#...>........ ..
##.>........
#######.... .#.# #


You could see 4 orcs and a bat.

Vanquished Creatures
  Jessica (D:2)
  2 adders (D:2)
  2 giant mites
  3 worms (D:2)
  A giant gecko (D:2)
  An ooze (D:2)
  An orc (D:3)
  A ball python (D:1)
  2 giant cockroaches
  2 goblins (D:2)
  3 hobgoblins
  3 jackals (D:2)
  A quokka (D:2)
  7 bats
  2 giant newts (D:2)
  5 kobolds
  5 rats
42 creatures vanquished.

Vanquished Creatures (collateral kills)
  An adder (D:2)
  A giant gecko (D:3)
  A hobgoblin (D:2)
  A giant newt (D:2)
4 creatures vanquished.

Grand Total: 46 creatures vanquished

Notes
Turn   | Place    | Note
--------------------------------------------------------------
     0 | D:1      | Huymann, the High Elf Wizard, began the quest for the Orb.
     0 | D:1      | Reached XP level 1. HP: 11/11 MP: 5/5
   409 | D:1      | Reached skill level 4 in Spellcasting
   409 | D:1      | Reached XP level 2. HP: 12/17 MP: 6/8
  1085 | D:2      | Reached XP level 3. HP: 17/21 MP: 1/11
  1166 | D:2      | Learned a level 2 spell: Blink
  1169 | D:2      | Learned a level 2 spell: Call Imp
  1173 | D:2      | Learned a level 3 spell: Mephitic Cloud
  1573 | D:2      | Noticed Jessica
  1815 | D:2      | Killed Jessica
  1815 | D:2      | Reached XP level 4. HP: 11/27 MP: 1/14
  2930 | D:3      | Learned a level 3 spell: Conjure Flame
  2960 | D:3      | Found a basalt altar of Yredelemnul.
  3057 | D:3      | Slain by an orc

Action                   |  1- 3 |  4- 6 || total
-------------------------+-------+-------++-------
Melee: Dagger            |    39 |    48 ||    87
 Cast: Magic Dart        |    43 |    19 ||    62
       Call Imp          |     2 |     6 ||     8
       Mephitic Cloud    |     2 |     2 ||     4
       Blink             |       |    14 ||    14
  Use: Scroll            |     4 |     1 ||     5
       Potion            |     1 |       ||     1
 Stab: Sleeping          |     2 |     1 ||     3
  Eat: Chunk             |     3 |     4 ||     7
